[Event "Team 45 45 League T37"]
[Site "Internet Chess Club"]
[Date "2008.05.10"]
[Round "3"]
[White "b-spot"]
[Black "jazzpiano"]
[Result "1/2-1/2"]
[WhiteElo "1796"]
[BlackElo "1807"]
[Opening "King's Indian: orthodox variation"]
[ECO "E94"]
[Time "14:47:39"]
[TimeControl "2700+45"]

1. d4 Nf6 2. c4 g6 3. Nc3 Bg7 4. e4 d6 5. Nf3 O-O 6. Be2 e5 7. O-O exd4 8. Nxd4
Re8 9. f3 c6 10. Kh1 d5 11. cxd5 cxd5 12. Bg5 dxe4 13. fxe4 h6 14. Bxf6 Bxf6 15.
Ndb5 Qxd1 16. Raxd1 Be5 17. Nd5 Na6 18. Nf6+ Bxf6 19. Rxf6 Rxe4 20. Bf3 Rb4 21.
Rd8+ Kg7 22. Rxa6 Rxb5 23. b3 bxa6 24. Bxa8 Bb7 25. Bxb7 Rxb7 26. Kg1 Rc7 27.
Rd2 h5 28. Kf2 a5 29. Ke2 Rb7 30. Rd4 Rc7 31. Rd2 Rb7 32. Rd4 {Game drawn by
mutual agreement} 1/2-1/2

[Event "Team 45 45 League T37"]
[Site "Internet Chess Club"]
[Date "2008.05.12"]
[Round "3"]
[White "MaunaKeaMike"]
[Black "powerchess1"]
[Result "1-0"]
[WhiteElo "1854"]
[BlackElo "1737"]
[Opening "Réti opening"]
[ECO "A04"]
[Time "00:38:03"]
[TimeControl "2700+45"]

1. Nf3 c5 2. g3 g6 3. Bg2 Bg7 4. O-O Nf6 5. d3 O-O 6. e4 d6 7. Nbd2 Bg4 8. h3
Bd7 9. a4 a5 10. Nc4 Nc6 11. c3 Rb8 12. Qb3 b6 13. e5 Ne8 14. exd6 exd6 15. Bg5
Qc8 16. Kh2 Be6 17. Qc2 h6 18. Bf4 Qd7 19. Rfe1 b5 20. axb5 Rxb5 21. Nfd2 d5 22.
Ne5 Nxe5 23. Bxe5 Bxe5 24. Rxe5 Qc7 25. Nf3 Nf6 26. Re2 Rfb8 27. Qa4 Bd7 28. Qa3
Ra8 29. Ne5 a4 30. Nxd7 Qxd7 31. c4 Rb4 32. Rae1 Qf5 33. cxd5 Rd8 34. Qc3 Rb3
35. Qxc5 Rxd3 36. Qa5 Rd4 37. Qxd8+ {Black resigns} 1-0

[Event "Team 45 45 League T37"]
[Site "Internet Chess Club"]
[Date "2008.05.12"]
[Round "3"]
[White "Terte"]
[Black "pestka"]
[Result "0-1"]
[WhiteElo "2052"]
[BlackElo "2253"]
[Opening "Sicilian: Alapin's variation (2.c3)"]
[ECO "B22"]
[Time "09:18:32"]
[TimeControl "2700+45"]

1. e4 c5 2. c3 Nf6 3. e5 Nd5 4. Nf3 Nc6 5. Bc4 Nb6 6. Bb3 c4 7. Bc2 g6 8. O-O
Bg7 9. Qe2 d6 10. exd6 Qxd6 11. b3 Qe6 12. Qd1 O-O 13. bxc4 Nxc4 14. Bb3 N6a5
15. Na3 Nxb3 16. axb3 Ne5 17. Nxe5 Qxe5 18. d4 Qc7 19. Nb5 Qb6 20. c4 Bd7 21.
Nc3 Qxd4 22. Be3 Qxc3 23. Qxd7 Qxb3 24. Rxa7 Rxa7 25. Bxa7 Ra8 26. Be3 e6 27. c5
Qd5 28. Qb5 Qc6 29. Qb6 Qxb6 30. cxb6 Ra1 31. Bc5 f5 32. f4 Kf7 33. Rxa1 Bxa1
34. Kf2 Ke8 35. Kg3 Kd7 36. h3 Bf6 37. Kf3 Kc6 38. Be3 Kd5 39. g4 Bd4 40. gxf5
exf5 41. Bxd4 Kxd4 {White resigns} 0-1

[Event "Team 45 45 League T37"]
[Site "Internet Chess Club"]
[Date "2008.05.12"]
[Round "3"]
[White "eurander"]
[Black "andreip"]
[Result "1/2-1/2"]
[WhiteElo "2179"]
[BlackElo "2059"]
[Opening "Torre attack (Tartakower variation)"]
[ECO "D03"]
[Time "13:45:34"]
[TimeControl "2700+45"]

1. Nf3 Nf6 2. d4 d5 3. Bg5 Ne4 4. Bf4 Bf5 5. e3 e6 6. Nbd2 Bd6 7. Bxd6 Qxd6 8.
c3 Nc6 9. Nh4 O-O 10. g4 Nxd2 11. gxf5 Nxf1 12. Kxf1 e5 13. Qh5 f6 14. Rg1 exd4
15. cxd4 Rfe8 16. Rg3 Qe7 17. Ng2 Qe4 18. Rh3 h6 19. Kg1 Re7 20. Rg3 Rf7 21.
Qxh6 Qxf5 22. Nf4 Ne7 23. Nh5 g6 24. Nf4 g5 25. Rh3 Rh7 26. Qxh7+ Qxh7 27. Rxh7
Kxh7 {Game drawn by mutual agreement} 1/2-1/2

[Event "Team 45 45 League T37"]
[Site "Internet Chess Club"]
[Date "2008.05.10"]
[Round "3"]
[White "primerpaso"]
[Black "VanillaQueen"]
[Result "1-0"]
[WhiteElo "1872"]
[BlackElo "1875"]
[Opening "English: Caro-Kann defensive system"]
[ECO "D13"]
[Time "13:01:04"]
[TimeControl "2700+45"]

1. c4 c6 2. Nc3 d5 3. cxd5 cxd5 4. d4 Nc6 5. Nf3 Nf6 6. g3 e6 7. Bg2 Bd7 8. O-O
Be7 9. Bf4 Nh5 10. Be3 O-O 11. Qd2 f5 12. Rfd1 f4 13. Bxf4 Nxf4 14. gxf4 Bh4 15.
e3 Rf5 16. Ne2 Rh5 17. Ng3 Rh6 18. Qe2 Qe7 19. Ne5 Nxe5 20. dxe5 Rf8 21. Rd4 Qf7
22. Rad1 Be7 23. a3 Bc5 24. R4d2 a6 25. Ne4 Be7 26. Ng5 Qg6 27. Qg4 Bxg5 28.
fxg5 Qh5 29. Qxh5 Rxh5 30. f4 Rc8 31. Bf3 Rh4 32. Kg2 h6 33. g6 h5 34. Kg3 Rg4+
35. Bxg4 hxg4 36. Kxg4 Be8 37. Kg5 Rc4 38. h4 Ba4 39. Re1 Re4 40. Rd4 Rxd4 41.
exd4 Bc6 42. h5 a5 43. Rh1 {Black resigns} 1-0

[Event "Team 45 45 League T37"]
[Site "Internet Chess Club"]
[Date "2008.05.12"]
[Round "3"]
[White "crankn8tr"]
[Black "cityprosecutor"]
[Result "0-1"]
[WhiteElo "1668"]
[BlackElo "1774"]
[Opening "Sicilian: dragon, Yugoslav attack"]
[ECO "B75"]
[Time "21:15:44"]
[TimeControl "2700+45"]

1. e4 c5 2. Nf3 d6 3. d4 cxd4 4. Nxd4 Nf6 5. Nc3 g6 6. Be3 Bg7 7. f3 Nc6 8. Qd2
Bd7 9. O-O-O h5 10. Bc4 Rc8 11. Bb3 Ne5 12. Kb1 Nc4 13. Bxc4 Rxc4 14. b3 Rc8 15.
h3 a6 16. g4 Qc7 17. Nce2 e5 18. Nf5 gxf5 19. gxf5 Bb5 20. c4 Bc6 21. Rhg1 Rh7
22. Nc3 b5 23. Nd5 Bxd5 24. cxd5 Qc3 25. Qf2 Bh6 26. Bxh6 Rxh6 27. Rc1 Qd3+ 28.
Kb2 Rxc1 29. Kxc1 Qc3+ 30. Kb1 Qc5 31. Qg2 Rh8 32. Rc1 Rg8 33. Qh2 Qe3 34. Qc2
Qc5 35. Qh2 Qd4 36. Qc2 Qc5 37. Qh2 Qb6 38. Kb2 b4 39. Rc6 Qd4+ 40. Kc2 Rg1 41.
Qd2 Qxd2+ 42. Kxd2 Rg2+ 43. Ke3 Rxa2 44. Rxd6 Ke7 45. Rb6 a5 46. f4 exf4+ 47.
Kxf4 Rf2+ 48. Ke5 Nd7+ 49. Kd4 Nxb6 {White resigns} 0-1

[Event "Team 45 45 League T37"]
[Site "Internet Chess Club"]
[Date "2008.05.12"]
[Round "3"]
[White "OldBoy"]
[Black "evsponge1"]
[Result "0-1"]
[WhiteElo "1510"]
[BlackElo "994"]
[Opening "Sicilian defense"]
[ECO "B40"]
[Time "16:54:42"]
[TimeControl "2700+45"]

1. e4 c5 2. Nf3 e6 3. c3 d5 4. Bb5+ Bd7 5. Bxd7+ Nxd7 6. exd5 exd5 7. O-O Qc7 8.
d4 Ngf6 9. Ne5 Nxe5 10. dxe5 Nd7 11. Qxd5 O-O-O 12. Qxf7 Qxe5 13. Bf4 Qe2 14.
Nd2 Bd6 15. Bxd6 Qxd2 16. b4 Qxd6 17. Rad1 Qc6 18. Qf5 Kb8 19. b5 Qxb5 20. Rb1
Qc6 21. Qf4+ Ka8 22. a4 Rhf8 23. Qc4 Rf6 24. a5 Ne5 25. Qh4 Nf3+ 26. gxf3 Rg6+
27. Kh1 Qxf3# {White checkmated} 0-1

[Event "Team 45 45 League T37"]
[Site "Internet Chess Club"]
[Date "2008.05.08"]
[Round "3"]
[White "Gupta"]
[Black "Invicta-Knight"]
[Result "1-0"]
[WhiteElo "1456"]
[BlackElo "1454"]
[Opening "Benkö gambit half accepted"]
[ECO "A57"]
[Time "17:30:38"]
[TimeControl "2700+45"]

1. d4 Nf6 2. c4 c5 3. d5 b5 4. cxb5 a6 5. e3 axb5 6. Bxb5 Ba6 7. Nc3 Qa5 8. Bxa6
Rxa6 9. Bd2 g6 10. Ne4 Qc7 11. Nxf6+ exf6 12. Nf3 Bg7 13. Qc2 d6 14. b4 Nd7 15.
Rc1 Qa7 16. bxc5 Nxc5 17. Nd4 Rxa2 18. Qc4 O-O 19. Bb4 Rc8 20. Nc6 Qa4 21. Ne7+
Kh8 22. Nxc8 Ra1 23. O-O Rxc1 24. Rxc1 Bf8 25. Bxc5 Qxc4 26. Rxc4 dxc5 {Black
resigns} 1-0

[Event "Team 45 45 League T37"]
[Site "Internet Chess Club"]
[Date "2008.05.12"]
[Round "3"]
[White "Hastings"]
[Black "Hunter"]
[Result "1-0"]
[WhiteElo "1398"]
[BlackElo "1090"]
[Opening "Bird: From gambit"]
[ECO "A02"]
[Time "17:14:49"]
[TimeControl "2700+45"]

1. f4 e5 2. fxe5 d6 3. Nf3 dxe5 4. e4 Bg4 5. Nc3 Bb4 6. Bc4 Bxf3 7. Qxf3 Nf6 8.
d3 Nc6 9. O-O Nd4 10. Qf2 Bc5 11. Kh1 O-O 12. Na4 Be7 13. Nc3 c6 14. a4 Bc5 15.
Rb1 a6 16. Bg5 Be7 17. Bxf6 Bxf6 18. Nd1 b5 19. axb5 axb5 20. Bb3 Nxb3 21. cxb3
Qxd3 22. Ne3 Qxe4 23. Rbc1 Rac8 24. Nf5 c5 25. Nd6 Qd5 26. Nxc8 Rxc8 27. Qg3 e4
28. Rxf6 Qd2 29. Rcf1 Qd5 30. Rxf7 Qxf7 31. Rxf7 Kxf7 32. Qf4+ Ke7 33. Qxe4+ Kd7
34. Qxh7 Re8 35. h3 Re7 36. Qd3+ {Black disconnected and forfeits} 1-0

[Event "Team 45 45 League T37"]
[Site "Internet Chess Club"]
[Date "2008.05.09"]
[Round "3"]
[White "imupapawn"]
[Black "Gomer"]
[Result "0-1"]
[WhiteElo "973"]
[BlackElo "1220"]
[Opening "Two knights defense"]
[ECO "C57"]
[Time "20:01:56"]
[TimeControl "2700+45"]

1. e4 e5 2. Nf3 Nc6 3. Bc4 Nf6 4. Ng5 d5 5. exd5 Nxd5 6. Qf3 Qxg5 7. Bxd5 Be6 8.
Bxc6+ Ke7 9. d4 Qxc1+ 10. Ke2 Bc4+ {White resigns} 0-1

[Event "Team 45 45 League T37"]
[Site "Internet Chess Club"]
[Date "2008.05.12"]
[Round "3"]
[White "alaskauk"]
[Black "AlPearson"]
[Result "1-0"]
[WhiteElo "1484"]
[BlackElo "1469"]
[Opening "Alekhine's defense: exchange variation"]
[ECO "B03"]
[Time "09:58:43"]
[TimeControl "2700+45"]

1. e4 Nf6 2. e5 Nd5 3. d4 d6 4. c4 Nb6 5. exd6 cxd6 6. Nf3 Bg4 7. Be2 Bxf3 8.
Bxf3 Nc6 9. Bxc6+ bxc6 10. Qf3 c5 11. dxc5 dxc5 12. O-O f6 13. b3 e5 14. Nc3 Be7
15. Rd1 Qc8 16. Nd5 Kf7 17. Bb2 Qc6 18. Rd2 Rhd8 19. Rad1 Bd6 20. Qh5+ Kg8 21.
Rd3 Rd7 22. Nxf6+ gxf6 23. Rg3+ Rg7 24. Rxg7+ Kxg7 25. Rd3 Rg8 26. Rg3+ Kh8 27.
Rxg8+ Kxg8 28. Qg4+ Kh8 29. Qf5 Be7 30. h4 Nd7 31. h5 Nf8 32. h6 Qe6 33. Qh5 Ng6
34. Qf3 Qa6 35. Qa8+ Nf8 36. Qe8 Qd6 37. Qf7 Ne6 38. Qe8+ Bf8 39. Qf7 Qe7 40.
Qh5 Ng5 41. Qh4 Qf7 42. Bxe5 Qg6 43. Qf4 fxe5 44. Qxf8+ Qg8 45. Qf6+ Qg7 46.
Qxg7# {Black checkmated} 1-0

[Event "Team 45 45 League T37"]
[Site "Internet Chess Club"]
[Date "2008.05.12"]
[Round "3"]
[White "malihini"]
[Black "SCUGrad"]
[Result "0-1"]
[WhiteElo "1291"]
[BlackElo "1335"]
[Opening "Giuoco Piano"]
[ECO "C54"]
[Time "09:03:51"]
[TimeControl "2700+45"]

1. e4 e5 2. Nf3 Nc6 3. Bc4 Bc5 4. c3 Nf6 5. Ng5 O-O 6. O-O d6 7. Qb3 Qe7 8. d3
Na5 9. Qd1 Nxc4 10. dxc4 h6 11. Nf3 Nxe4 12. Nbd2 Nf6 13. Nb3 Bb6 14. Re1 Bg4
15. h3 Bh5 16. g4 Bg6 17. Bf4 Qd7 18. Be3 Be4 19. c5 dxc5 20. Bxc5 Qxd1 21.
Raxd1 Bxf3 22. Rd2 Bxc5 23. Nxc5 b6 24. Nd7 Rfd8 25. Nxf6+ gxf6 26. Rxd8+ Rxd8
27. Re3 Bb7 28. b3 Kg7 29. f3 Rd1+ 30. Kf2 Rd2+ 31. Re2 Rxe2+ 32. Kxe2 Kg6 33.
Kf2 Kg5 34. Kg3 f5 35. a3 f4+ 36. Kg2 e4 {White resigns} 0-1

[Event "Team 45 45 League T37"]
[Site "Internet Chess Club"]
[Date "2008.05.08"]
[Round "3"]
[White "havertown"]
[Black "otib2006"]
[Result "1-0"]
[WhiteElo "1258"]
[BlackElo "1280"]
[Opening "English opening"]
[ECO "A22"]
[Time "17:58:10"]
[TimeControl "2700+45"]

1. c4 e5 2. Nc3 Nf6 3. e4 Bb4 4. Nf3 Nc6 5. Nd5 Ba5 6. Bd3 O-O 7. O-O d6 8. h3
Nd4 9. Nxd4 exd4 10. b4 Bb6 11. Nxb6 axb6 12. Bb2 c5 13. b5 Be6 14. Re1 Nd7 15.
Qf3 Ne5 16. Qg3 g6 17. Be2 Bxc4 18. Bxc4 Nxc4 19. Bc1 Ne5 20. d3 Ra5 21. a4 Qa8
22. f4 Nd7 23. f5 Rxa4 24. Rxa4 Qxa4 25. Bh6 Rd8 26. Qxd6 Qb4 27. Rf1 Qxb5 28.
fxg6 hxg6 29. Qe7 Kh7 30. Rxf7+ Kxh6 31. Rh7# {Black checkmated} 1-0

[Event "Team 45 45 League T37"]
[Site "Internet Chess Club"]
[Date "2008.05.12"]
[Round "3"]
[White "C-Jones"]
[Black "Mikey29a"]
[Result "0-1"]
[WhiteElo "1614"]
[BlackElo "1765"]
[Opening "Sicilian: Pelikan (Lasker/Sveshnikov) variation"]
[ECO "B33"]
[Time "20:09:09"]
[TimeControl "2700+45"]

1. e4 c5 2. Nf3 Nc6 3. d4 cxd4 4. Nxd4 Nf6 5. Nc3 e5 6. Nxc6 bxc6 7. Bd3 Bb4 8.
Bd2 d5 9. exd5 cxd5 10. O-O O-O 11. a3 Ba5 12. Re1 e4 13. Bf1 Bc7 14. Bg5 Bxh2+
15. Kh1 Be5 16. Nxd5 Qxd5 17. Qxd5 Nxd5 18. Rxe4 Bf6 19. Bxf6 Nxf6 20. Re7 Be6
21. b4 Rfe8 22. Rxe8+ Rxe8 23. c4 Ne4 24. Kg1 Nd2 25. c5 Nxf1 26. Kxf1 Bc4+ 27.
Kg1 Kf8 28. a4 a6 29. Rb1 Ke7 30. b5 axb5 31. axb5 Rb8 32. b6 Bd5 33. f3 Kd7 34.
Kf2 Kc6 35. Rc1 Kb5 36. Ke3 Bc4 37. Kd4 Rd8+ {White resigns} 0-1

[Event "Team 45 45 League T37"]
[Site "Internet Chess Club"]
[Date "2008.05.11"]
[Round "3"]
[White "civilization"]
[Black "chesskix"]
[Result "1/2-1/2"]
[WhiteElo "1590"]
[BlackElo "1588"]
[Opening "Robatsch defense"]
[ECO "B06"]
[Time "13:11:24"]
[TimeControl "2700+45"]

1. e4 g6 2. d4 Bg7 3. Nc3 c6 4. Bc4 e6 5. Nf3 d5 6. exd5 exd5 7. Bb3 Nf6 8. O-O
O-O 9. Ne2 Re8 10. Ng3 Na6 11. c3 Nc7 12. Be3 Bg4 13. h3 Bd7 14. Qd2 Ne4 15.
Nxe4 dxe4 16. Nh2 Nd5 17. Bh6 Bf6 18. Rfe1 b5 19. Nf1 Re6 20. Ne3 Bc8 21. Ng4
Bh8 22. Bg5 Qd7 23. Bf4 Bb7 24. Be5 Rae8 25. Bxh8 Kxh8 26. Ne5 Qe7 27. Bc2 Nf6
28. Bb3 Nd5 29. Bc2 Nf6 30. Bb3 Nd5 {Game drawn by repetition} 1/2-1/2

[Event "Team 45 45 League T37"]
[Site "Internet Chess Club"]
[Date "2008.05.11"]
[Round "3"]
[White "curtintime"]
[Black "Invicta-Knight"]
[Result "0-1"]
[WhiteElo "1366"]
[BlackElo "1467"]
[Opening "Scandinavian: Pytel-Wade variation"]
[ECO "B01"]
[Time "16:12:43"]
[TimeControl "2700+45"]

1. e4 d5 2. exd5 Qxd5 3. Nc3 Qd6 4. Nf3 Nf6 5. d3 Bg4 6. Be3 Nc6 7. Nb5 Qb4+ 8.
Nc3 Qxb2 9. Bd2 Nd4 10. Rc1 e6 11. Be2 Nxe2 12. Qxe2 Qa3 13. O-O a6 14. Rb1 b6
15. Rb3 Qd6 16. Ne4 Nxe4 17. Qxe4 Bxf3 18. Qxf3 Rd8 19. Bf4 Qc5 20. c3 Bd6 21.
d4 Qf5 22. Qc6+ Ke7 23. Bxd6+ cxd6 24. Rxb6 Qd5 25. Rb7+ Kf6 26. Qxa6 Ra8 27.
Ra7 Rac8 28. Qd3 Ra8 29. c4 Qf5 30. Qa3 Qe4 31. Rxa8 Rxa8 32. Qxd6 Rxa2 33. h3
Qe2 34. Qf4+ Ke7 35. Rc1 Qd2 36. Qxd2 Rxd2 37. d5 exd5 38. c5 Rb2 39. c6 Rb8 40.
Rb1 {White resigns} 0-1

[Event "Team 45 45 League T37"]
[Site "Internet Chess Club"]
[Date "2008.05.08"]
[Round "3"]
[White "b-spot"]
[Black "AntonioMendonca"]
[Result "1-0"]
[WhiteElo "1795"]
[BlackElo "1725"]
[Opening "King's Indian: orthodox, Aronin-Taimanov, bayonet attack"]
[ECO "E97"]
[Time "20:06:21"]
[TimeControl "2700+45"]

1. d4 Nf6 2. c4 g6 3. Nc3 Bg7 4. e4 d6 5. Nf3 O-O 6. Be2 e5 7. O-O Nc6 8. d5 Ne7
9. b4 Nh5 10. Re1 Nf4 11. Bf1 a5 12. bxa5 Rxa5 13. Nd2 c5 14. a4 Ra6 15. Ra3 h6
16. Nb5 Kh8 17. Bb2 g5 18. g3 Nh3+ 19. Bxh3 Bxh3 20. g4 Bxg4 21. Qxg4 f5 22.
exf5 Nxf5 23. Ne4 Rf7 24. Qh5 Qf8 25. Nxg5 Rf6 26. Ne6 Qg8 27. Kh1 Nd4 28. Bxd4
cxd4 29. Nxg7 Qxg7 30. Rg1 Qf7 31. Qxf7 Rxf7 32. Rag3 Rd7 33. Ra3 Rf7 34. f3 Kh7
35. Kg2 Kh8 36. Kf2 Kh7 37. Ke2 Kh8 38. Rg6 Rd7 39. Rxh6+ Kg7 40. Re6 Kf7 41. f4
exf4 42. Nxd4 Re7 43. Rxe7+ Kxe7 44. Kf3 Ra8 45. Ne6 Rh8 46. Kxf4 Rh4+ 47. Kg5
Rxc4 48. h4 Rc2 49. Rh3 Rd2 50. Nc7 Kd7 51. Rc3 Rg2+ 52. Kf4 Rf2+ 53. Ke3 Rh2
54. Rc4 Rh3+ 55. Kf2 Rh2+ 56. Kg3 Re2 57. h5 Re3+ 58. Kg4 Re5 59. h6 Re1 60. Kg5
Rg1+ 61. Rg4 Re1 62. Ne6 Ke7 63. Kg6 Rf1 64. h7 Rf6+ 65. Kg7 b5 66. axb5 Rf7+
67. Kg8 Rf1 68. h8=Q Rf8+ 69. Nxf8 Ke8 70. Re4+ Kd8 71. Qf6+ Kc8 72. Qf7 Kd8 73.
Re8# {Black checkmated} 1-0

[Event "Team 45 45 League T37"]
[Site "Internet Chess Club"]
[Date "2008.05.12"]
[Round "3"]
[White "lw"]
[Black "jazzyrick"]
[Result "0-1"]
[WhiteElo "1594"]
[BlackElo "1583"]
[Opening "Sicilian: Smith-Morra gambit"]
[ECO "B21"]
[Time "20:39:06"]
[TimeControl "2700+45"]

1. e4 c5 2. d4 cxd4 3. c3 dxc3 4. Nxc3 e6 5. Bf4 Bb4 6. Rc1 Nf6 7. e5 Nd5 8. Bd2
Nxc3 9. Bxc3 Be7 10. Nf3 b6 11. Bd3 Bb7 12. O-O O-O 13. Qc2 h6 14. Rfd1 Bxf3 15.
gxf3 Nc6 16. Be4 Rc8 17. Qa4 Bc5 18. b4 Qg5+ 19. Kf1 Nxb4 20. Bxb4 Qxe5 21. Bxc5
bxc5 22. Rxd7 Qxh2 23. Ke2 Qe5 24. Qxa7 f5 25. Rxg7+ Qxg7 {White resigns} 0-1

[Event "Team 45 45 League T37"]
[Site "Internet Chess Club"]
[Date "2008.05.10"]
[Round "3"]
[White "rivits"]
[Black "Rhel"]
[Result "0-1"]
[WhiteElo "1405"]
[BlackElo "1521"]
[Opening "Queen's pawn game"]
[ECO "E10"]
[Time "01:03:39"]
[TimeControl "2700+45"]

1. d4 Nf6 2. c4 e6 3. Nf3 d5 4. e3 Be7 5. Nc3 b6 6. Bd3 Bb7 7. O-O Nbd7 8. a3
O-O 9. b4 c5 10. b5 cxd4 11. exd4 dxc4 12. Bxc4 Qc7 13. Qe2 Bxf3 14. Qxf3 Qxc4
15. a4 Rac8 16. Ne2 Qd5 17. Qd3 Qe4 18. Qe3 Qxe3 19. fxe3 Ne4 20. Ba3 Bxa3 21.
Rxa3 Rc2 22. Nf4 Rfc8 23. d5 exd5 24. Nxd5 Kf8 25. Rd3 Ndf6 26. Nxf6 Nxf6 27.
Rfd1 Rc1 28. Kf2 Rxd1 29. Rxd1 Ke7 30. Kf3 Rc4 31. Rd4 Rxd4 32. exd4 Nd5 33. Ke4
Nc3+ 34. Ke5 f6+ 35. Kf4 Nxa4 36. Ke3 Nc3 37. Kd3 Nxb5 38. Kc4 Nd6+ 39. Kd5 a5
{White resigns} 0-1

[Event "Team 45 45 League T37"]
[Site "Internet Chess Club"]
[Date "2008.05.09"]
[Round "3"]
[White "nozmov"]
[Black "werty"]
[Result "0-1"]
[WhiteElo "1412"]
[BlackElo "1491"]
[Opening "Dutch with c4 & g3"]
[ECO "A90"]
[Time "11:25:05"]
[TimeControl "2700+45"]

1. d4 f5 2. g3 Nf6 3. c4 e6 4. Nc3 c6 5. Bg2 d5 6. cxd5 exd5 7. Bf4 Bd6 8. e3
Bxf4 9. exf4 O-O 10. Nge2 b5 11. a3 Nbd7 12. O-O Bb7 13. Qc2 g6 14. b4 a5 15.
Kh1 a4 16. Ng1 Ne4 17. Rfe1 Ndf6 18. f3 Nxc3 19. Qxc3 Re8 20. Re5 Nd7 21. Rxe8+
Qxe8 22. Re1 Qf7 23. Qe3 Kf8 24. Qe6 Qxe6 25. Rxe6 Kf7 26. Re3 Re8 27. Rxe8 Kxe8
28. Ne2 Nb6 29. g4 Bc8 30. h3 Nc4 31. Bf1 Nxa3 32. Nc3 Nc2 33. Kg1 Nxd4 34. Kf2
Nc2 35. Nxb5 cxb5 36. Bxb5+ Bd7 37. Bd3 a3 38. b5 a2 39. b6 a1=Q 40. b7 {White
resigns} 0-1

[Event "Team 45 45 League T37"]
[Site "Internet Chess Club"]
[Date "2008.05.11"]
[Round "3"]
[White "alexcluster"]
[Black "cer7"]
[Result "0-1"]
[WhiteElo "1700"]
[BlackElo "2026"]
[Opening "Sicilian defense"]
[ECO "B40"]
[Time "10:30:12"]
[TimeControl "2700+45"]

1. e4 c5 2. Nf3 e6 3. g3 d5 4. exd5 exd5 5. Bg2 Nf6 6. O-O Be7 7. d3 O-O 8. Nc3
Nc6 9. Bf4 Bg4 10. h3 Bh5 11. g4 Bg6 12. Re1 Bd6 13. Qd2 Bxf4 14. Qxf4 a6 15. a3
Qd7 16. Na4 Nd4 17. Nxc5 Nxf3+ 18. Bxf3 Qc6 19. d4 b6 20. Nd3 Qxc2 21. Ne5 Qxb2
22. Nxg6 fxg6 23. Qe3 Rae8 24. Qd3 Ne4 25. Rf1 Nxf2 {White resigns} 0-1

[Event "Team 45 45 League T37"]
[Site "Internet Chess Club"]
[Date "2008.05.09"]
[Round "3"]
[White "calily"]
[Black "lafuga3"]
[Result "1/2-1/2"]
[WhiteElo "1753"]
[BlackElo "1558"]
[Opening "French: exchange variation"]
[ECO "C01"]
[Time "12:46:21"]
[TimeControl "2700+45"]

1. e4 e6 2. d4 d5 3. exd5 exd5 4. Nf3 Nf6 5. Bd3 Be7 6. O-O O-O 7. Bg5 Ne4 8.
Bxe7 Qxe7 9. Nbd2 Nxd2 10. Qxd2 Qf6 11. Rfe1 Nc6 12. c3 Bf5 13. Re3 Bxd3 14.
Qxd3 Ne7 15. Ne5 Qd6 16. Rae1 Ng6 17. Nxg6 hxg6 18. h3 Qc6 19. g4 Rfe8 20. f4
Rxe3 21. Qxe3 Rd8 22. Qe7 Rd6 23. Qe8+ Qxe8 24. Rxe8+ Kh7 25. Re7 Rb6 26. Rxf7
Rxb2 27. Rxc7 Rxa2 28. Rxb7 Rc2 29. Rxa7 Rxc3 30. Rd7 Rxh3 31. Rxd5 Rg3+ 32. Kf2
Rxg4 33. Kf3 Rg1 34. Rg5 Re1 35. d5 Re8 36. d6 Rd8 37. Rd5 Kg8 38. Kg4 Kf7 39.
Kg5 Rd7 40. Rd4 Rd8 41. d7 Kg8 42. Kxg6 Kf8 43. f5 Kg8 44. Rd6 Kf8 45. Kh7 Kf7
46. Rg6 Ke7 47. Rxg7+ Kf6 48. Rg6+ Kxf5 49. Rd6 Ke5 50. Rd2 Ke6 {Game drawn by
mutual agreement} 1/2-1/2

[Event "Team 45 45 League T37"]
[Site "Internet Chess Club"]
[Date "2008.05.12"]
[Round "3"]
[White "Enric666"]
[Black "arriero55"]
[Result "1-0"]
[WhiteElo "1252"]
[BlackElo "1485"]
[Opening "Sicilian"]
[ECO "B50"]
[Time "15:07:05"]
[TimeControl "2700+45"]

1. e4 c5 2. Nf3 d6 3. Bc4 e6 4. Nc3 a6 5. O-O Nc6 6. a3 Nf6 7. d4 cxd4 8. Nxd4
Bd7 9. Be3 Be7 10. Re1 O-O 11. Nf3 Rc8 12. Bg5 b5 13. Bb3 h6 14. Bxf6 Bxf6 15.
Qxd6 Qc7 16. Rad1 Rfd8 17. e5 Qxd6 18. exd6 Bxc3 19. bxc3 Na5 20. Ne5 Rxc3 21.
Re3 Rxe3 22. fxe3 Nc6 23. Nxd7 Rxd7 24. c4 Kf8 25. cxb5 axb5 26. Kf2 Na5 27. Bc2
Nb7 28. Bd3 Rxd6 29. Ke2 Rb6 30. Rb1 Nc5 31. Rxb5 Rxb5 32. Bxb5 Ke7 33. a4 Kd6
34. Kd2 e5 35. Kc3 {Black forfeits on time} 1-0

[Event "Team 45 45 League T37"]
[Site "Internet Chess Club"]
[Date "2008.05.11"]
[Round "3"]
[White "miltools"]
[Black "MrShaw"]
[Result "1-0"]
[WhiteElo "1949"]
[BlackElo "1919"]
[Opening "French: Tarrasch, closed variation, main line"]
[ECO "C06"]
[Time "08:23:45"]
[TimeControl "2700+45"]

1. e4 e6 2. d4 d5 3. Nd2 Nf6 4. e5 Nfd7 5. Bd3 c5 6. c3 Nc6 7. Ne2 cxd4 8. cxd4
f6 9. Nf4 Nxd4 10. Qh5+ Ke7 11. Ng6+ hxg6 12. exf6+ Nxf6 13. Qxh8 Kf7 14. O-O e5
15. Nb3 Nxb3 16. axb3 Bf5 17. Bxf5 gxf5 18. Bg5 Rc8 19. Bxf6 Kxf6 20. Rxa7 Qb6
21. Qh4+ g5 22. Qh8+ Bg7 23. Qxc8 Qxa7 24. Qd8+ Ke6 25. Qg8+ Kf6 26. Qxd5 Bf8
27. Rd1 Bc5 28. Qd8+ Ke6 29. Qxg5 Bxf2+ 30. Kh1 Bd4 31. Qg6+ Kd5 32. Qxf5 Qc5
33. Qd7+ Qd6 34. Qxb7+ Ke6 35. b4 Qd5 {Black resigns} 1-0

[Event "Team 45 45 League T37"]
[Site "Internet Chess Club"]
[Date "2008.05.10"]
[Round "3"]
[White "alexcolins"]
[Black "Razorbackchess"]
[Result "0-1"]
[WhiteElo "1705"]
[BlackElo "1761"]
[Opening "King's Indian: East Indian defense"]
[ECO "A48"]
[Time "09:08:39"]
[TimeControl "2700+45"]

1. d4 Nf6 2. Nf3 g6 3. Nc3 d5 4. e4 dxe4 5. Ng5 Bf5 6. g4 Bxg4 7. f3 exf3 8.
Nxf3 Bg7 9. Be3 c6 10. h3 Bxf3 11. Qxf3 O-O 12. O-O-O Nd5 13. Nxd5 Qxd5 14. Qxd5
cxd5 15. h4 h5 16. Rg1 Kh7 17. Bd3 Bh6 18. Rde1 Bxe3+ 19. Rxe3 e6 20. Rg5 Kh6
21. Rg1 Nc6 22. c3 Rac8 23. Kd2 Rg8 24. Rf3 Rg7 25. Rgf1 Rc7 26. Rf6 Re7 27. Rg1
Nb8 28. Rg5 Nd7 29. Rf1 f6 30. Rgg1 g5 31. hxg5+ fxg5 32. Be2 Ref7 33. Re1 e5
34. dxe5 Nxe5 35. Rh1 Nf3+ 36. Bxf3 Rxf3 37. Re6+ Rg6 38. Re7 Rf2+ 39. Kc1 Rb6
40. b4 Rxa2 41. Kb1 Rf2 42. Re5 d4 43. Re8 dxc3 44. Rh8+ Kg7 45. R1xh5 Rxb4+ 46.
Kc1 Rg2 47. R5h7+ Kg6 48. Rh6+ Kf5 49. Rf8+ Rh8+ Kg4 50. Rc8 c2 51. Rxc2 Rxc2+
52. Kxc2 Kg3 53. Rh1 g4 54. Rg1+ Kf2 55. Rd1 Re4 56. Rd7 Re3 57. Rxb7 g3 58.
Rxa7 g2 59. Rf7+ Rf3 60. Rg7 g1=Q 61. Rxg1 Kxg1 62. Kd2 Kf2 63. Kc2 Ke2 64. Kc1
Rc3+ 65. Kb2 Kd2 66. Ka2 Kc2 {White resigns} 0-1

[Event "Team 45 45 League T37"]
[Site "Internet Chess Club"]
[Date "2008.05.11"]
[Round "3"]
[White "Frankly"]
[Black "b-spot"]
[Result "0-1"]
[WhiteElo "1809"]
[BlackElo "1813"]
[Opening "Nimzo-Indian: 4.e3 c5, 5.Ne2 (Rubinstein, anti-Hübner system)"]
[ECO "E42"]
[Time "09:13:53"]
[TimeControl "2700+45"]

1. d4 Nf6 2. c4 e6 3. Nc3 Bb4 4. e3 c5 5. Ne2 cxd4 6. exd4 d5 7. a3 Be7 8. Ng3
dxc4 9. Bxc4 O-O 10. O-O Qc7 11. Bb3 Rd8 12. Be3 Nc6 13. Rc1 a6 14. Qf3 Qb6 15.
d5 Qxb3 16. dxc6 bxc6 17. Qxc6 Bb7 18. Qa4 Qxb2 19. Nb1 Nd5 20. Bd4 Qb5 21. Qc2
Bg5 22. Rcd1 Rac8 23. Qa2 Qc6 24. f3 Ne3 25. Bxe3 Bxe3+ 26. Kh1 Rxd1 27. Rxd1 g6
28. h3 Qc2 29. Rd8+ Kg7 30. Qa1+ Kh6 31. Rxc8 Qd1+ 32. Nf1 Qxf1+ 33. Kh2 Bf4+
34. g3 Qf2+ {White resigns} 0-1